 Dungeon Crawl Stone Soup version 0.28-a0-863-g8cecda6153 (webtiles) character file.

Game seed: 13998587834535763036

56 gigimoi the Cudgeller (level 3, -3/29 HPs)
             Began as a Demonspawn Chaos Knight on Nov 17, 2021.
             Was a Plaything of Xom.
             Slain by Grinder (5 damage)
             ... on level 3 of the Dungeon.
             The game lasted 00:04:34 (1922 turns).

gigimoi the Cudgeller (Demonspawn Chaos Knight)     Turns: 1922, Time: 00:04:34

Health: -3/29      AC:  5    Str: 12    XL:     3   Next: 69%
Magic:  3/3        EV: 10    Int: 13    God:    Xom [..*...]
Gold:   74         SH:  4    Dex: 13    Spells: 2/2 levels left

rFire   . . .      SeeInvis .   a - +0 mace (chaos)
rCold   . . .      Faith    .   d - +0 buckler
rNeg    . . .      Spirit   .   b - +2 leather armour
rPois   .          Reflect  .   (helmet restricted)
rElec   .          Harm     .   (no cloak)
rCorr   .          Rampage  .   (no gloves)
Will    .....                   (no boots)
Stlth   +.........              (no amulet)
HPRegen 0.09/turn               (no ring)
MPRegen 0.08/turn               (no ring)

@: no status effects
A: horns 1, demonic guardian 1
a: Renounce Religion


You were on level 3 of the Dungeon.
You worshipped Xom.
You were a toy of Xom.
You visited 1 branch of the dungeon, and saw 3 of its levels.

You collected 74 gold pieces.

Inventory:

Hand Weapons
 a - a +0 mace of chaos (weapon)
Armour
 b - a +2 leather armour (worn)
 d - a +0 buckler (worn)
Scrolls
 c - 3 scrolls of identify {unknown}
 e - a scroll of brand weapon {unknown}
 g - a scroll of fear {unknown}
 h - a scroll of vulnerability {unknown}
 j - a scroll of fog {unknown}
 k - a scroll of teleportation {unknown}
Potions
 f - a potion of curing {unknown}
 i - a potion of lignification {unknown}


   Skills:
 + Level 3.3 Fighting
 * Level 3.4 Maces & Flails
 + Level 2.2 Armour
 - Level 0.9 Dodging
 + Level 1.1 Shields


You had 2 spell levels left.
You didn't know any spells.
Your spell library contained the following spells:

 Spells                   Type           Power      Damage    Failure   Level
 Freezing Cloud           Conj/Ice/Air   0%         6-21      100%        5
 Simulacrum               Ice/Necr       0%         N/A       100%        6
 Polar Vortex             Ice            0%         N/A       100%        9


Dungeon Overview and Level Annotations

Branches:
Dungeon (3/15)

Altars:

Annotations:
D:3 Grinder


Innate Abilities, Weirdness & Mutations

You have a pair of small horns on your head.
A weak demonic guardian rushes to your aid.


Message History

The adder is moderately wounded.
You feel sick. You block the bat's attack. The adder closely misses you.
The adder bites you.
You closely miss the adder. Your headbutt misses the adder.
The adder is moderately wounded.
You feel sick. You block the bat's attack. The adder bites you.
* * * LOW HITPOINT WARNING * * *
You sock the adder!
You kill the adder!
You feel sick. The bat barely misses you. The bat hits you but does no damage.
The goblin hits you but does no damage. You block the goblin's attack.
You hit the bat.
The bat is severely wounded.
You feel sick.
You are no longer poisoned.
You block the bat's attack.
An endoplasm comes into view.
The goblin barely misses you. Grinder misses you.
The bat hits you but does no damage.
You sock the endoplasm!
You kill the endoplasm!
Xom's power flows through you! The bat hits you.
* * * LOW HITPOINT WARNING * * *
A demonic guardian appears!
The bat closely misses you. The goblin closely misses you.
You swap places.
A rat comes into view.
The bat hits your hound but does no damage. x2
Grinder blinks!
There is a stone staircase leading down here.
Your ufetubus barely misses the goblin.
Your ufetubus hits the goblin.
The goblin dies!
Grinder gestures at you. Pain shoots through your body!
* * * LOW HITPOINT WARNING * * *
You block the bat's attack.
Your hound barely misses the bat.
The bat closely misses you. Grinder hits you.
You die...
Xom bursts into laughter!

#.#.# # #. #.# #.#.# #.#.#
#.# #.#.# #.#.##+#####.#
#.#.# #............#
#.#.#.##...........#
#.#.#....r.........#
######'#'####..........<#
............##.5......†##
..†..........)5b@............
.............†h...###......##
######.#'###......# #......#
#.#.# #......# ######## #.#.#
#......# ..#.##.......#
..#.##.####### ...#.##.
...#..


You could see Grinder, a bat (ally target), a rat, a friendly hound (summoned)
and a friendly ufetubus (summoned).

Vanquished Creatures
  2 adders
  A white imp (D:3)
  A worm (D:3)
  A dart slug (D:2)
  3 endoplasms
  2 giant cockroaches
  3 goblins
  3 hobgoblins
  A quokka (D:1)
  2 ball pythons (D:1)
  4 bats
  A frilled lizard (D:1)
  3 rats (D:2)
27 creatures vanquished.

Vanquished Creatures (collateral kills)
  A goblin (D:3)
1 creature vanquished.

Grand Total: 28 creatures vanquished

Notes
Turn   | Place    | Note
-------+----------+-------------------------------------------
     0 | D:1      | gigimoi the Demonspawn Chaos Knight began the quest for the
                  | Orb.
     0 | D:1      | Reached XP level 1. HP: 18/18 MP: 1/1
    17 | D:1      | XOM: divination: detect creatures
    67 | D:1      | XOM: silly message
   276 | D:1      | XOM: noise
   302 | D:1      | XOM: 3-stop teleportation journey
   307 | D:1      | XOM: enchant monster (good)
   392 | D:1      | Gained mutation: You have a pair of small horns on your
                  | head. [demonic ancestry]
   392 | D:1      | Reached XP level 2. HP: 24/24 MP: 2/2
   426 | D:1      | Found a faded altar of an unknown god.
  1229 | D:1      | XOM: summons 2 hostile demons
  1230 | D:1      | Noticed a crimson imp
  1292 | D:2      | XOM: 1-stop teleportation journey
  1423 | D:2      | XOM: noise
  1474 | D:2      | Gained mutation: A weak demonic guardian rushes to your
                  | aid. [demonic ancestry]
  1474 | D:2      | Reached XP level 3. HP: 29/29 MP: 3/3
  1758 | D:3      | Reached skill level 1 in Shields
  1888 | D:3      | XOM: noise
  1890 | D:3      | Noticed Grinder
  1908 | D:3      | Paralysed by Grinder for 2 turns
  1919 | D:3      | XOM: cast spell 'Call Canine Familiar'
  1922 | D:3      | Slain by Grinder

Illustrated notes

Levels and vault maps discovered:
D:1:      wheals_arrival_linesprint, layout_basic, shapermc_ecumenical_altar_gd,
          dk_noncrumbling_2
D:2:      layout_basic, minmay_unequal
D:3:      layout_basic, minmay_misc_feat_ornament, uniq_grinder

Skill      XL: |  1  2  3 |
---------------+----------+-----
Armour         | 2 |  2.2
Maces & Flails | 3 |  3.4
Shields        | 1 |  1.1
Fighting       | |  3.3
Dodging        | |  0.9

Action                   || total
-------------------------++-------
Melee: Mace              ||    97
       Headbutt          ||    13
 Stab: Confused          ||     1
       Sleeping          ||     2
Armor: Leather armour    ||    40
Dodge: Dodged            ||    66
Block: Buckler           ||    14

Table legend: (Time is in decaauts)
 A = Elapsed time spent in this place.
 B = Non-inter-level travel time spent in this place.
 C = Inter-level travel time spent in this place.
 D = Time resting spent in this place.
 E = Time spent auto-exploring this place.
 F = Levels seen in this place.
 G = Mean time per level.
                   A        B        C        D        E       F      G
               +--------+--------+--------+--------+--------+-----+--------+
         Total |   1951 |   1898 |     53 |    169 |   1442 |   3 |  650.3 |
       Dungeon |   1951 |   1898 |     53 |    169 |   1442 |   3 |  650.3 |
               +--------+--------+--------+--------+--------+-----+--------+

Top non-repeatable levels by time:
     D:1: 1268 daAuts
     D:2: 511 daAuts
     D:3: 171 daAuts
